 Dungeon Crawl Stone Soup version 0.31.0-32-g396128a36d (webtiles) character file.

Game seed: 2198579742887915852

1656 Henri the Chopper (level 9, -4/62 HPs)
             Began as an Octopode Shapeshifter on Apr 10, 2024.
             Was a Follower of Dithmenos.
             Slain by a two-headed ogre
             ... wielding a +0 giant club
              (23 damage)
             ... on level 6 of the Dungeon.
             The game lasted 00:11:54 (5861 turns).

Henri the Chopper (Octopode Shapeshifter)           Turns: 5861, Time: 00:11:55

Health: -4/62      AC:  1    Str: 17    XL:     9   Next: 0%
Magic:  0/9        EV: 13    Int: 12    God:    Dithmenos [*.....]
Gold:   51         SH:  0    Dex: 12    Spells: 8/8 levels left

rFire   + . .        o - +10 battleaxe of Valiance {heavy, rF+}
rCold   . . .        (shield currently unavailable)
rNeg    . . .        (helmet currently unavailable)
rPois   .            r - amulet of guardian spirit
rElec   .            j - ring of resist corrosion
rCorr   +            t - ring of flight
SInv    .            (no ring)
Will    .....        (no ring)
Stlth   +++          (no ring)
HPRegen 0.30/turn    (no ring)
MPRegen 0.11/turn    (no ring)
                     (no ring)

%: guardian spirit
@: beast-form, flying, wreathed by umbra
A: beast (slay +2), almost no armour, amphibious, 8 rings, camouflage 1,
gelatinous body 1, (nimble swimmer 1), tentacles
a: Begin Untransformation, Renounce Religion


You were on level 6 of the Dungeon.
You worshipped Dithmenos.
Dithmenos was aware of your devotion.
You were a hulking beast.
You visited 2 branches of the dungeon, and saw 7 of its levels.

You collected 327 gold pieces.
You spent 276 gold pieces at shops.

Inventory:

Hand Weapons
 o - the +10 battleaxe of Valiance (weapon) {heavy, rF+}
   (You bought it in a shop on level 2 of the Dungeon)

   rF+:       It protects you from fire.
Missiles
 p - a throwing net (quivered)
Jewellery
 j - a ring of resist corrosion (left tentacle)
 r - an amulet of guardian spirit (around mantle)
 t - a ring of flight (right tentacle)
Talismans
 b - a beast talisman
 c - a flux talisman
Scrolls
 e - a scroll of enchant weapon
 f - a scroll of noise {unknown}
 g - a scroll of teleportation
 h - a scroll of revelation {unknown}
 k - a scroll of enchant armour {unknown}
 m - a scroll of amnesia {unknown}
 s - a scroll of poison {unknown}
Potions
 a - 2 potions of lignification
 d - a potion of ambrosia {unknown}
 i - 2 potions of brilliance
 l - 2 potions of attraction
 n - a potion of invisibility {unknown}
 q - 2 potions of degeneration {unknown}
 u - a potion of might {unknown}
 v - a potion of haste {unknown}


   Skills:
 + Level 6.3 Fighting
 * Level 7.2 Axes
 - Level 2.0 Dodging
 - Level 5.8 Unarmed Combat
 - Level 3.5 Shapeshifting


You had 8 spell levels left.
You didn't know any spells.
Your spell library contained the following spells:

 Spells                   Type           Power      Damage    Failure   Level
 Scorch                   Fire           0%         2d5       45%         2
 Inner Flame              Hex/Fire       0%         N/A       69%         3
 Flame Wave               Conj/Fire      0%         2d4       97%         4
 Irradiate                Conj/Alch      0%         3d11      100%        5
 Summon Cactus Giant      Summ           0%         N/A       100%        6
 Ignition                 Fire           0%         3d3       100%        8


Dungeon Overview and Level Annotations

Branches:
Dungeon (6/15)             Temple (1/1) D:5

Altars:
Ashenzari
Cheibriados
Dithmenos
Elyvilon
Fedhas
Gozag
Hepliaklqana
Kikubaaqudgha
Makhleb
Qazlal
Ru
Sif Muna
Trog
Uskayaw
Vehumet
Wu Jian
Xom
Yredelemnul
Zin
The Shining One

Shops:
D:2 *   D:5 !

Annotations:
D:3 2 transporters
D:6 exclusion: oklob plant


Innate Abilities, Weirdness & Mutations

You are a hulking beast.
Your limbs bulge with bestial killing power. (Slay +2)
You cannot wear most types of armour.
You are amphibious.
You can wear up to eight rings at the same time.
Your skin changes colour to match your surroundings (Stealth+).
Your rubbery body absorbs attacks. (AC +1, EV +1)
((You are camouflaged when in or above water. (Stealth+)))
You have tentacles for arms and can constrict up to eight enemies at once.


Message History

You start resting.
You are no longer corroded.
You see here 8 stones.
The jelly quivers.
You slice the jelly!!
You kill the jelly!
Dithmenos accepts your kill.
You have reached level 9!
Your experience leads to an increase in your attributes!
Increase (S)trength, (I)ntelligence, or (D)exterity?
You feel stronger. x2
You start waiting.
Done waiting.
You slash the endoplasm!
You kill the endoplasm!
Dithmenos accepts your kill.
You reach down and open the door. 3 ogres, a shadow imp, a phantom, an iguana and a sky beast come into view.
The ogre shouts!
The sky beast flickers out of sight!
Deactivating autopickup; reactivate with Ctrl-A.
Found eight items.
The iguana hisses angrily.
You slash the two-headed ogre! You squeeze the two-headed ogre.
The two-headed ogre is moderately wounded.
You hear a shout!
The two-headed ogre hits you with a +0 giant club! x2
Unknown command.
You slice the two-headed ogre!!
The two-headed ogre is severely wounded.
The two-headed ogre closely misses you.
The two-headed ogre hits you with a +0 giant club!!
Unknown command.
The iguana attacks as it pursues you! The iguana misses you.
As you read the scroll labelled TYTUVATHREU, it crumbles to dust.
It is a scroll of enchant weapon.
You aren't carrying any weapons that can be enchanted.
The two-headed ogre barely misses you.
The two-headed ogre hits you with a +0 giant club!!
You die...

.....#....##
###...........#
...........<..#
..............#
..............#
..............#####
.....#............#
####.#............#######
####.#..........h........
.....###...#####Ol######
.######...## ##W.....#
..........#!$?$O'5####...
...####...#).$${### ...#
#...#!.[..
...####...##).=
.....##....####
.....#.......


You could see a two-headed ogre, a phantom, an iguana and a shadow imp.

Vanquished Creatures
  Duvessa (D:5)
  A water moccasin (D:6)
  An ice beast (D:5)
  2 ogres
  A phantom (D:6)
  6 scorpions
  Dowan (D:5)
  A howler monkey (D:5)
  3 bombardier beetles
  2 hounds (D:4)
  9 jellies
  3 orc wizards
  7 adders
  A shadow imp (D:6)
  2 ufetubi (D:6)
  3 dart slugs
  2 ribbon worms
  16 orcs
  8 endoplasms
  A giant cockroach (D:3)
  5 hobgoblins
  3 quokkas
  6 ball pythons
  5 bats
  3 frilled lizards
  7 goblins
  3 kobolds
  A rat (D:2)
104 creatures vanquished.

Notes
Turn   | Place    | Note
-------+----------+-------------------------------------------
     0 | D:1      | Henri the Octopode Shapeshifter began the quest for the
                  | Orb.
     0 | D:1      | Reached XP level 1. HP: 13/13 MP: 1/1
   169 | D:1      | Reached XP level 2. HP: 18/18 MP: 2/2
   291 | D:1      | Found a faded altar of an unknown god.
   611 | D:2      | Reached XP level 3. HP: 23/23 MP: 3/3
  1397 | D:3      | Found a transporter.
  1410 | D:3      | Reached XP level 4. HP: 15/29 MP: 4/4
  1669 | D:3      | Found a sacrificial altar of Ru.
  1761 | D:3      | Found a transporter.
  1960 | D:2      | Found Bubaifi's Assorted Antiques.
  2109 | D:4      | Reached XP level 5. HP: 28/35 MP: 5/5
  2307 | D:4      | Reached skill level 5 in Unarmed Combat
  2496 | D:4      | Reached XP level 6. HP: 32/42 MP: 6/6
  3413 | D:5      | Entered Level 5 of the Dungeon
  3497 | D:2      | Bought an ivory battleaxe for 276 gold pieces
  3497 | D:2      | Identified the +10 battleaxe of Valiance {heavy, rF+} (You
                  | bought it in a shop on level 2 of the Dungeon)
  3665 | D:5      | Reached skill level 1 in Axes
  3822 | D:5      | Reached skill level 2 in Axes
  3822 | D:5      | Reached XP level 7. HP: 46/47 MP: 7/7
  3855 | D:5      | Found a staircase to the Ecumenical Temple.
  3884 | Temple   | Entered the Ecumenical Temple
  3937 | Temple   | Became a worshipper of Dithmenos the Shadowed
  4006 | D:5      | Reached skill level 3 in Axes
  4031 | D:5      | Found Puaja's Distillery.
  4126 | D:5      | Found a stormy altar of Qazlal.
  4208 | D:5      | Noticed Dowan
  4224 | D:5      | Killed Dowan
  4485 | D:5      | Reached skill level 4 in Axes
  4737 | D:5      | Noticed Duvessa
  4744 | D:5      | Killed Duvessa
  4745 | D:5      | Reached skill level 5 in Fighting
  4745 | D:5      | Reached XP level 8. HP: 35/55 MP: 5/8
  4864 | D:6      | Reached skill level 5 in Axes
  5103 | D:6      | Reached skill level 6 in Axes
  5497 | D:6      | Reached * piety under Dithmenos
  5553 | D:6      | Noticed an oklob plant
  5684 | D:6      | Reached skill level 7 in Axes
  5719 | D:6      | Reached XP level 9. HP: 62/62 MP: 9/9
  5856 | D:6      | Noticed a two-headed ogre
  5861 | D:6      | Slain by a two-headed ogre

Illustrated notes

Levels and vault maps discovered:
D:1:      dpeg_arrival_round_c, layout_basic, shapermc_ecumenical_altar_venn,
          minmay_tromino_v7
D:2:      layout_basic, serial_shops, nicolae_shop_tiny_statue_garden
D:3:      gammafunk_wand_slinger, layout_loops_corners,
          lemuel_coloured_pillars_altar
D:4:      layout_basic, st_stairs_11, hangedman_glass_teeth, interstate_on_off
D:5:      layout_basic, lemuel_doored_altar,
          minmay_temple_entry_drinking_statues, serial_shops,
          nicolae_shop_tiny_real_fake_doors, uniq_duvessa
D:6:      lemuel_slime, layout_basic, minmay_joined_circles
Temple:   dpeg_five_rooms_temple

Skill      XL: |  1  2  3  4  5  6  7  8 |
---------------+-------------------------+-----
Fighting       | 2 3 5 6 |  6.3
Unarmed Combat | 4 5 |  5.8
Axes           | 2 4 7 |  7.2
Dodging        | |  2.0
Shapeshifting  | |  3.5

Action                     |  1- 3 |  4- 6 |  7- 9 || total
---------------------------+-------+-------+-------++-------
  Melee: Unarmed           |    47 |    79 |       ||   126
         Constrict         |    10 |    18 |     9 ||    37
         Tentacles         |     9 |    13 |     9 ||    31
         Punch             |       |     5 |     3 ||     8
         Battleaxe         |       |    11 |    61 ||    72
    Use: Scroll            |     1 |     2 |     3 ||     6
         Potion            |       |     1 |       ||     1
   Stab: Sleeping          |     8 |     6 |     3 ||    17
         Distracted        |     1 |       |       ||     1
 Armour: Skin              |    13 |    41 |    44 ||    98
  Dodge: Dodged            |    15 |    39 |    44 ||    98
